 Dungeon Crawl Stone Soup version 0.24-a0-361-g57161393b2 (webtiles) character file.

Game seed: 14070711976845380354

129 theanonym the Magician (level 5, 0/31 HPs)
             Began as an Octopode Wizard on May 26, 2019.
             Succumbed to Sigmund's poison
             ... on level 3 of the Dungeon.
             The game lasted 00:04:57 (3040 turns).

theanonym the Magician (Octopode Wizard)            Turns: 3040, Time: 00:04:57

Health: 0/31       AC:  3    Str: 11    XL:     5   Next: 12%
Magic:  5/11       EV: 13    Int: 21    God:
Gold:   183        SH:  0    Dex: 11    Spells: 1/12 levels left

rFire    . . .     SeeInvis .   d - +0 dagger
rCold    . . .     Gourm    .   (no shield)
rNeg     . . .     Faith    .   a - +2 hat
rPois    .         Spirit   .   (no amulet)
rElec    .         Reflect  .   (no ring)
rCorr    .         Harm     .   (no ring)
MR       .....                  (no ring)
Stlth    +++.......             (no ring)
HPRegen  0.10/turn              (no ring)
MPRegen  0.12/turn              (no ring)
                                (no ring)
                                (no ring)

@: mighty, lethally poisoned (0 -> -9), very slightly contaminated, invisible
A: almost no armour, stealthy swim, amphibious, 8 rings, constrict 8, camouflage
1, gelatinous body 1
a: no special abilities


Innate Abilities, Weirdness & Mutations

You cannot wear most types of armour.
You are very stealthy in the water. (Stealth+)
You are amphibious.
You can wear up to eight rings at the same time.
You can use your tentacles to constrict eight enemies at once.
Your skin changes colour to match your surroundings (Stealth+).
Your rubbery body absorbs attacks. (AC +1, EV +1)


   Skills:
 - Level 2.0 Dodging
 + Level 2.8 Stealth
 - Level 4.0 Spellcasting
 + Level 3.1 Conjurations
 - Level 1.0 Summonings
 - Level 1.0 Translocations
 - Level 1.0 Air Magic
 + Level 1.5 Poison Magic


You had one spell level left.
You knew the following spells:

 Your Spells              Type           Power        Failure   Level  Hunger
a - Magic Dart            Conj           ###.         3%          1    None
b - Call Imp              Summ           #.......     12%         2    #......
c - Conjure Flame         Conj/Fire      ##......     19%         3    ###....
d - Mephitic Cloud        Conj/Pois/Air  ##......     17%         3    ###....
l - Blink                 Tloc           N/A          12%         2    #......

Your spell library contained the following spells:

 Spells                   Type           Power        Failure   Level  Hunger
 Slow                     Hex            #.......     19%         2    #......

Skill      XL: |  1  2  3  4 |
---------------+-------------+-----
Conjurations   | 2 3 |  3.1
Poison Magic   | 1 |  1.5
Air Magic      | 1 |  1.0
Spellcasting   | 4 |  4.0
Dodging        | |  2.0
Stealth        | |  2.8
Summonings     | |  1.0
Translocations | |  1.0

Action                   |  1- 3 |  4- 6 || total
-------------------------+-------+-------++-------
Melee: Whip              |     9 |       ||     9
       Constrict         |     6 |     5 ||    11
       Dagger            |    21 |    21 ||    42
       Tentacles         |     3 |     5 ||     8
 Cast: Magic Dart        |    66 |    52 ||   118
       Mephitic Cloud    |     1 |     2 ||     3
       Call Imp          |       |     6 ||     6
  Use: Scroll            |       |     5 ||     5
       Potion            |       |     2 ||     2
 Stab: Sleeping          |    10 |     2 ||    12
       Confused          |     2 |       ||     2
  Eat: Chunk             |     2 |     4 ||     6
Armor: Skin              |     1 |     2 ||     3
Dodge: Dodged            |    15 |    21 ||    36

Inventory:

Hand Weapons
 c - a +0 whip
 d - a +0 dagger (weapon)
Armour
 a - a +2 hat (worn)
Jewellery
 r - an uncursed ring of ice {unknown}
Scrolls
 b - 2 scrolls of enchant armour
 f - a scroll of fog
 g - 2 scrolls of noise {unknown}
 n - a scroll of remove curse
 o - a scroll of teleportation {unknown}
 p - a scroll of magic mapping {unknown}
 t - a scroll of identify {unknown}
 w - a scroll of random uselessness {unknown}
 B - 2 scrolls of blinking
Potions
 h - 2 potions of invisibility
 j - a potion of agility {unknown}
 k - 2 potions of flight {unknown}
 l - a potion of mutation {unknown}
 m - 2 potions of might
 q - a potion of heal wounds {unknown}
 s - a potion of resistance {unknown}
 u - a potion of haste {unknown}
Comestibles
 e - 5 rations


You were on level 3 of the Dungeon.
You were hungry.

You visited 1 branch of the dungeon, and saw 3 of its levels.

You collected 183 gold pieces.

Dungeon Overview and Level Annotations

Branches:
Dungeon (3/15)

Altars:

Annotations:
D:3 Sigmund

########## ### .......§{# #..
########.# ### ...#§# #. #
####§#§### ######. ## #.
..#§§.§§# #....'.
...#.##.###§#@####### #.##.'.
##.#..#...#)§§#.....####.####.
........>..§§§§.............#.
#
#.#......§...#.###......#####
#.#....#...##....#
############ .........#...####
#...... ##.###..#)#.###
#.##### #.......#.#...#
#.#..).
#.##....#.###.#########.#.###


There were no monsters in sight!

Notes
Turn   | Place    | Note
-------+----------+-------------------------------------------
     0 | D:1      | theanonym the Octopode Wizard began the quest for the Orb.
     0 | D:1      | Reached XP level 1. HP: 11/11 MP: 4/4
   222 | D:1      | HP: 5/11 [hobgoblin/+0 club (6)]
   226 | D:1      | Reached XP level 2. HP: 8/17 MP: 0/6
   470 | D:1      | Learned a level 2 spell: Call Imp
   473 | D:1      | Learned a level 2 spell: Blink
   772 | D:1      | Reached skill level 2 in Conjurations
   880 | D:1      | Reached XP level 3. HP: 21/21 MP: 7/7
   891 | D:1      | Learned a level 3 spell: Mephitic Cloud
  1678 | D:2      | Reached skill level 1 in Poison Magic
  1698 | D:2      | Reached XP level 4. HP: 27/27 MP: 6/9
  1831 | D:2      | Reached skill level 1 in Air Magic
  2282 | D:3      | Reached skill level 4 in Spellcasting
  2364 | D:3      | Learned a level 3 spell: Conjure Flame
  2373 | D:3      | Reached skill level 3 in Conjurations
  2472 | D:3      | Reached XP level 5. HP: 31/31 MP: 11/11
  2763 | D:3      | HP: 12/31 [orc/+0 falchion (4)]
  3008 | D:3      | Noticed Sigmund
  3022 | D:3      | HP: 15/31 [poisoned by Sigmund]
  3027 | D:3      | HP: 13/31 [poisoned by Sigmund]
  3032 | D:3      | HP: 11/31 [poisoned by Sigmund]
  3035 | D:3      | HP: 5/31 [something (6)]
  3037 | D:3      | HP: 2/31 [poisoned by Sigmund]
  3040 | D:3      | Succumbed to Sigmund's poison

Vanquished Creatures
  4 gnolls (D:3)
  2 adders (D:2)
  A worm (D:2)
  2 dart slugs
  2 leopard geckos (D:2)
  An orc (D:3)
  5 giant cockroaches
  5 goblins
  5 hobgoblins
  4 jackals
  2 quokkas (D:2)
  5 bats
  5 frilled lizards
  7 kobolds
  12 rats
62 creatures vanquished.

Vanquished Creatures (collateral kills)
  An adder (D:3)
  An orc (D:3)
2 creatures vanquished.

Grand Total: 64 creatures vanquished

Table legend:
 A = Turns spent in this place as a percentage of turns spent in the entire game.
 B = Non-inter-level travel turns spent in this place as a percentage of non-inter-level travel turns spent in the entire game.
 C = Inter-level travel turns spent in this place as a percentage of turns spent in this place.
 D = Turns resting spent in this place as a percentage of non-inter-level travel turns spent in this place.
 E = Turns spent auto-exploring this place as a percentage of non-inter-level travel turns spent in this place.
 F = Non-inter-level travel turns spent in this place divided by the number of levels of this place that you've seen.
                   A       B       C       D       E      F
               +-------+-------+-------+-------+-------+----------------------
         Total | 100.0 | 100.0 |   0.8 |  37.8 |  50.8 | 1005.0
       Dungeon | 100.0 | 100.0 |   0.8 |  37.8 |  50.8 | 1005.0
               +-------+-------+-------+-------+-------+----------------------
